 Dungeon Crawl Stone Soup version 0.27.1-33-g824d729ab1 (webtiles) character file.

Game seed: 1409334458209435835

17283 McKennaii the Thaumaturge (level 11, -2/74 HPs)
             Began as a Demigod Conjurer on Dec 7, 2021.
             Shot with an arrow by a centaur warrior (23 damage)
             ... on level 14 of the Dungeon.
             The game lasted 00:26:00 (16284 turns).

McKennaii the Thaumaturge (Demigod Conjurer)       Turns: 16284, Time: 00:26:01

Health: -2/74      AC:  6    Str:  8    XL:     11   Next: 90%
Magic:  33/33      EV: 18    Int: 40    God:
Gold:   334        SH:  0    Dex: 12    Spells: 24/36 levels left

rFire    + + +     SeeInvis .   B - +1 hunting sling "Faotsume" {flame, *Slow rF+++ rC- Int+8}
rCold    x . .     Faith    .   (no shield)
rNeg     . . .     Spirit   .   m - +2 robe {Archmagi}
rPois    .         Reflect  .   (no helmet)
rElec    .         Harm     .   (no cloak)
rCorr    .         Rampage  .   (no gloves)
Will     +....     Archmagi +   g - +1 pair of boots
Stlth    ++........             (no amulet)
HPRegen  0.22/turn              l - +4 ring of evasion
MPRegen  0.23/turn              p - ring of wizardry

@: hasted, very quick
A: high mp 1, forlorn
a: no special abilities


You were on level 14 of the Dungeon.
You visited 1 branch of the dungeon, and saw 14 of its levels.

You collected 734 gold pieces.
You spent 400 gold pieces at shops.

Inventory:

Hand Weapons
 B - the +1 hunting sling "Faotsume" (weapon) {flame, *Slow rF+++ rC- Int+8}
   (You found it on level 4 of the Dungeon)

   Any ammunition fired from it burns those it strikes, dealing additional fire
   damage.
   Int:       It affects your intelligence (+8).
   rF:        It renders you almost immune to fire.
   rC:        It makes you vulnerable to cold.
   *Slow:     It may slow you when you take damage.
 I - the +9 staff of Olgreb {rPois∞}
   (You found it on level 5 of the Dungeon)

   If the wielder is skilled in Evocations, they can envenom those struck by it,
   dealing poison damage which bypasses armour.
   It enhances your poison magic.
   It grants immunity to poison.
   It can be evoked to radiate toxic energy, with effectiveness depending on
   Evocations skill.
 L - a +2 halberd of freezing
Armour
 g - a +1 pair of boots (worn)
 m - a +2 robe of the Archmagi (worn)
Magical Staves
 T - a staff of cold
Jewellery
 l - a +4 ring of evasion (left hand)
 p - a ring of wizardry (right hand)
 y - a ring of positive energy
 A - a ring of poison resistance
 K - a ring of fire
Wands
 a - a wand of acid (8)
 t - a wand of mindburst (11)
 w - a wand of polymorph (8)
 D - a wand of charming (6)
 H - a wand of iceblast (15)
 J - a wand of paralysis (5)
 R - a wand of flame (9)
Scrolls
 c - 4 scrolls of magic mapping
 d - a scroll of enchant armour
 i - 2 scrolls of immolation
 k - 3 scrolls of enchant weapon {unknown}
 s - a scroll of vulnerability {unknown}
 v - 5 scrolls of noise {unknown}
 x - a scroll of torment {unknown}
 C - 2 scrolls of fog {unknown}
 F - a scroll of holy word {unknown}
 G - 2 scrolls of acquirement
 M - a scroll of blinking {unknown}
 N - a scroll of brand weapon {unknown}
 Q - 2 scrolls of amnesia {unknown}
 S - a scroll of teleportation {unknown}
Potions
 b - 4 potions of lignification
 e - a potion of ambrosia
 f - a potion of resistance
 h - 5 potions of mutation
 j - 2 potions of might
 n - 6 potions of curing
 o - 2 potions of cancellation
 q - 5 potions of invisibility {unknown}
 r - 2 potions of haste
 u - 2 potions of attraction {unknown}
 z - 2 potions of flight {unknown}
 E - a potion of berserk rage {unknown}
 O - a potion of magic {unknown}
 P - a potion of brilliance {unknown}


   Skills:
 - Level 6.0 Dodging
 - Level 1.7 Stealth
 + Level 13.3 Spellcasting
 - Level 10.0 Conjurations
 - Level 2.0 Translocations
 + Level 0.0 Fire Magic


You had 24 spell levels left.
You knew the following spells:

 Your Spells              Type           Power      Damage    Failure   Level
a - Magic Dart            Conj           100%       1d8       0%          1
b - Searing Ray           Conj           100%       3d7       1%          2
c - Iskenderun's Mystic   Conj/Tloc      84%        2d17      1%          4
d - Fireball              Conj/Fire      39%        3d16      1%          5

Your spell library contained the following spells:

 Spells                   Type           Power      Damage    Failure   Level
 Sublimation of Blood     Necr           19%        N/A       1%          2
 Wereblood                Tmut           39%        N/A       1%          2
 Dazzling Flash           Conj/Hex       100%       N/A       1%          3
 Fulminant Prism          Conj/Hex       39%        3d18      1%          4
 Starburst                Conj/Fire      39%        6d11      11%         6
 Summon Hydra             Summ           19%        N/A       98%         7
 Ignition                 Fire           19%        3d7       100%        8


Dungeon Overview and Level Annotations

Branches:
Dungeon (15/15)            Temple (0/1) D:6            Lair (0/6) D:8
    Orc (0/2) D:11
 Vaults: D:13-14     Depths: D:15

Shops:
D:5 [   D:9 *   D:10 =   D:11 :

Annotations:
D:12 2 runed translucent doors, exclusion: orange crystal statue


Innate Abilities, Weirdness & Mutations

Your attributes grow dramatically as you level up.
You have an increased reservoir of magic. (+10% MP)
You shall have no god before yourself.


Message History

You add the spells Fireball, Starburst and Ignition to your library.
You see here 21 stones.
You start resting.
Magic restored.
You see here 21 stones.
Pick up how many of the 21 stones (; or enter for all)?
Okay, then.
This spell is dangerous to cast!
Memorise Fireball, consuming 5 spell levels and leaving 24?
You start memorising the spell.
You continue memorising. x5
You finish memorising.
Spell assigned to 'd'.
Okay, then.
Okay, then.
This spell is quite dangerous to cast!
Memorise Starburst, consuming 6 spell levels and leaving 18?
Okay, then.
You open the door.
A tengu warrior comes into view. It is wielding a +0 great sword.
The tengu warrior shouts!
The tengu warrior unwields a +0 great sword.
The tengu warrior wields a +0 arbalest.
The tengu warrior shoots a bolt.
The bolt hits you!!
You hear a shout!
The tengu warrior shoots a bolt.
The bolt hits you!!
You hear a shout!
The tengu warrior shoots a bolt.
The bolt hits you!
* * * LOW HITPOINT WARNING * * *
You hear a shout!
You feel yourself speed up.
There is a stone staircase leading up here.
You climb upwards.
You hear a distant snort.
Hark!
There is a gateway to a gauntlet on this level.
Find the entrance quickly before the gate is sealed!
Found a stone staircase leading up.
There is a stone staircase leading down here.
A centaur warrior comes into view.
The centaur warrior wields a +0 longbow.
The centaur warrior shoots an arrow.
The arrow hits you!!
You die...

...... ......
#...... .........
##c........
#...#..... ##<.#
...##
#.@###.....##
##.......##...
###..........##
#.............#
#..#.....>.....#
#..##............#
..# #............#
## #..............
#..............


You could see a centaur warrior.

Vanquished Creatures
  A two-headed ogre (D:10)
  A dancing weapon (D:9)
  The ghost of kalagan the Thaumaturge, a journeyman DECj of Sif Muna (D:11)
  The ghost of guntergyo the Transmogrifier, a novice OpTm of Ashenzari (D:9)
  A deep elf pyromancer (D:12)
  An ugly thing (D:12)
  Maggie (D:6)
  7 kobold demonologists (D:11)
  A komodo dragon (D:12)
  A troll (D:12)
  The ghost of spimroxx the Shield-Bearer, an amateur GnFi (D:4)
  Sigmund (D:3)
  A tarantella (shapeshifter) (D:15)
  3 redbacks (D:5)
  A wraith (D:10)
  6 yaks
  7 vampire mosquitoes (D:12)
  Edmund (D:5)
  2 water moccasins (D:5)
  Duvessa (D:7)
  2 acid dragons
  A hornet zombie (D:6)
  A black bear (D:5)
  10 orc warriors
  A sky beast (D:8)
  3 ice beasts
  4 ogres
  2 necrophages
  7 centaurs
  A phantom (D:4)
  Blork the orc (D:5)
  13 kobold brigands
  4 bullfrogs
  2 wyvern zombies
  Dowan (D:7)
  6 scorpions
  A jelly (D:5)
  12 killer bees
  8 wights (D:8)
  A howler monkey (D:8)
  An electric eel (D:8)
  5 bullfrog zombies (D:6)
  4 hounds
  6 bullfrog skeletons
  8 centaur zombies
  5 orc priests
  A gnoll shaman (D:5)
  An iguana (D:6)
  4 orc wizards
  A killer bee zombie (D:6)
  A hound skeleton (D:5)
  3 howler monkey zombies
  Robin (D:4)
  9 gnolls
  8 adders
  A howler monkey skeleton (D:5)
  2 shadow imps
  A white imp (D:4)
  2 worms (D:2)
  6 dart slugs
  25 orcs
  8 bats
  2 endoplasms
  A giant cockroach (D:4)
  18 goblins
  6 hobgoblins
  3 jackals (D:5)
  41 kobolds
  A quokka (D:5)
  6 ball pythons
  6 frilled lizards
  5 rats
313 creatures vanquished.

Vanquished Creatures (others)
  A centaur zombie (D:6)
  3 withered plants (D:6)
4 creatures vanquished.

Grand Total: 317 creatures vanquished

Notes
Turn   | Place    | Note
-------+----------+-------------------------------------------
     0 | D:1      | McKennaii the Demigod Conjurer began the quest for the Orb.
     0 | D:1      | Reached XP level 1. HP: 14/14 MP: 5/5
    50 | D:1      | Reached skill level 2 in Spellcasting
   255 | D:1      | Reached XP level 2. HP: 20/20 MP: 5/8
   303 | D:1      | Learned a level 2 spell: Searing Ray
   473 | D:1      | Reached skill level 3 in Spellcasting
   710 | D:1      | Reached XP level 3. HP: 26/26 MP: 7/10
  1531 | D:2      | Reached XP level 4. HP: 24/33 MP: 6/12
  1946 | D:2      | Reached skill level 4 in Spellcasting
  2195 | D:3      | Noticed Sigmund
  2203 | D:3      | Killed Sigmund
  2204 | D:3      | Reached skill level 5 in Spellcasting
  2204 | D:3      | Reached XP level 5. HP: 37/38 MP: 4/16
  2317 | D:3      | Learned a level 4 spell: Iskenderun's Mystic Blast
  2674 | D:4      | Reached XP level 6. HP: 26/45 MP: 12/18
  3012 | D:4      | Found a runed translucent gate.
  3014 | D:4      | Found a runed translucent gate.
  3014 | D:4      | Noticed spimroxx's ghost (amateur GnFi)
  3015 | D:4      | Found a runed translucent gate.
  3076 | D:4      | Noticed Robin
  3081 | D:4      | Killed Robin
  3082 | D:4      | Reached skill level 6 in Spellcasting
  3637 | D:4      | Identified the +1 hunting sling "Faotsume" {flame, *Slow
                  | rF+++ rC- Int+8}
  4047 | D:4      | Reached skill level 5 in Conjurations
  4047 | D:4      | Reached XP level 7. HP: 50/50 MP: 10/19
  4201 | D:5      | Entered Level 5 of the Dungeon
  4281 | D:5      | Noticed Edmund
  4295 | D:5      | Killed Edmund
  4872 | D:5      | Reached XP level 8. HP: 57/57 MP: 15/20
  4996 | D:5      | Noticed Blork the orc
  5001 | D:5      | Killed Blork the orc
  5109 | D:5      | Found Olih Baj's Antique Armour Boutique.
  5133 | D:5      | Found a runed translucent door.
  5134 | D:5      | Found a runed translucent gate.
  5135 | D:5      | Found a runed translucent gate.
  5145 | D:5      | Found a runed translucent gate.
  5427 | D:5      | Found the +9 staff of Olgreb {rPois∞}
  5438 | D:5      | Bought an encrusted helmet for 190 gold pieces
  5438 | D:5      | Identified the -6 helmet of the Pink Corner {Regen+ Slay+2}
                  | (You bought it in a shop on level 5 of the Dungeon)
  5498 | D:5      | Found a runed translucent door.
  6347 | D:6      | Found a staircase to the Ecumenical Temple.
  6476 | D:6      | Reached skill level 10 in Conjurations
  6690 | D:6      | Reached XP level 9. HP: 43/62 MP: 8/21
  6858 | D:6      | Noticed Maggie
  6869 | D:6      | Killed Maggie
  7458 | D:4      | Killed spimroxx's ghost
  7459 | D:4      | Reached skill level 5 in Dodging
  7644 | D:5      | Reached skill level 1 in Translocations
  7730 | D:5      | Reached skill level 7 in Spellcasting
  8052 | D:7      | Noticed Duvessa
  8065 | D:7      | Killed Duvessa
  8173 | D:7      | Noticed Dowan
  8177 | D:7      | Killed Dowan
  8355 | D:7      | Reached XP level 10. HP: 69/69 MP: 18/25
  8596 | D:7      | Reached skill level 8 in Spellcasting
  9507 | D:8      | Found a staircase to the Lair.
 10195 | D:8      | Reached skill level 9 in Spellcasting
 11294 | D:9      | Noticed a +0 halberd of chaos
 11295 | D:9      | Found a runed translucent door.
 11295 | D:9      | Noticed guntergyo's ghost (novice OpTm)
 11884 | D:9      | Found Voonwiucri's Assorted Antiques.
 11890 | D:9      | Bought an emerald potion for 21 gold pieces
 11890 | D:9      | Bought a bubbling amethyst potion for 21 gold pieces
 11890 | D:9      | Bought a potion of curing for 72 gold pieces
 11890 | D:9      | Bought an encrusted lead wand for 96 gold pieces
 12028 | D:10     | Entered Level 10 of the Dungeon
 12077 | D:10     | Reached skill level 10 in Spellcasting
 12283 | D:10     | Noticed a two-headed ogre
 12298 | D:10     | Killed a two-headed ogre
 12540 | D:10     | Found Mytykh's Jewellery Shoppe.
 13102 | D:11     | Noticed a rust devil
 13105 | D:11     | Reached XP level 11. HP: 67/74 MP: 21/30
 13402 | D:11     | Reached skill level 11 in Spellcasting
 13707 | D:11     | Found Yroasabeu's Book Emporium.
 14299 | D:11     | Found a runed translucent door.
 14299 | D:11     | Noticed kalagan's ghost (journeyman DECj)
 14631 | D:11     | Reached skill level 12 in Spellcasting
 14639 | D:11     | Noticed a soul eater
 14886 | D:11     | Found a staircase to the Orcish Mines.
 15110 | D:11     | Killed kalagan's ghost
 15344 | D:9      | Killed a +0 halberd of chaos
 15347 | D:9      | Killed guntergyo's ghost
 15359 | D:9      | Identified a scroll of acquirement
 15659 | D:12     | Found the +10 tower shield of Ignorance {rN+ Int-4}
 15664 | D:12     | Found a runed translucent door.
 15685 | D:12     | Found a runed translucent door.
 15686 | D:12     | Noticed an orange crystal statue
 15716 | D:12     | Reached skill level 13 in Spellcasting
 15722 | D:12     | Noticed a deep elf pyromancer
 15730 | D:12     | Killed a deep elf pyromancer
 16084 | D:12     | You fall into a shaft and drop 3 floors!
 16084 | D:15     | Entered Level 15 of the Dungeon
 16248 | D:15     | Learned a level 5 spell: Fireball
 16253 | D:15     | Noticed a tengu warrior
 16284 | D:14     | Noticed a centaur warrior
 16284 | D:14     | Shot with an arrow by a centaur warrior

Illustrated notes

Levels and vault maps discovered:
D:1:      zaba_arrival_water, layout_basic,
          hellmonk_ecumenical_altar_defaced_shrine, minmay_misc_feat_tower
D:2:      layout_basic
D:3:      layout_rooms, chequers_serial_rivers_micro_c, uniq_sigmund
D:4:      layout_gridville, mainiacjoe_overflow_alcove_2,
          gammafunk_ghost_nasty_kobolds, mrwooster_statue_mirror,
          minmay_misc_feat_pillars, uniq_robin
D:5:      layout_loops_corners, serial_shops, kennysheep_mini_moat,
          minmay_guarded_unrand_staff_of_olgreb, uniq_blork_the_orc, uniq_edmund
D:6:      layout_basic, lemuel_temple_firewalk_a, serial_undead,
          serial_undead_f, serial_undead_c, serial_undead_e, serial_undead_e,
          serial_undead_d, serial_undead_b, serial_undead_a, uniq_maggie
D:7:      layout_cave_pods, uniq_duvessa
D:8:      layout_basic, lair_entry_dummy, hex_medium, minmay_crystal_water
D:9:      layout_loops_cross, serial_glass, glass_columns_c, glass_columns_b,
          serial_shops, nicolae_square_shop, ebering_ghost_xom
D:10:     layout_irregular_city, minmay_shop_enchanted_jewellery
D:11:     layout_roguey, david_orc_4, gammafunk_ghost_grave, serial_shops, shop
D:12:     minmay_the_grid_triangle_9x9_recursive_3
          [minmay_the_grid_triangle_9x9_shrine,
          minmay_the_grid_triangle_9x9_empty,
          minmay_the_grid_triangle_9x9_alien,
          minmay_the_grid_triangle_9x9_prize_center,
          minmay_the_grid_triangle_9x9_checkered,
          minmay_the_grid_triangle_9x9_dagger,
          minmay_the_grid_triangle_9x9_wacky_v,
          minmay_the_grid_triangle_9x9_intruding_spiral,
          minmay_the_grid_triangle_9x9_zippers_vertical], layout_irregular_city,
          chequers_guarded_unrand_ignorance
D:14:     nzn_winding_woodlands_medium [nzn_winding_woodlands_5x5_perimeter,
          nzn_winding_woodlands_5x15_default, nzn_winding_woodlands_hourglass,
          nzn_winding_woodlands_5x5_three,
          nzn_winding_woodlands_center_pierced_h,
          nzn_winding_woodlands_5x5_default,
          nzn_winding_woodlands_5x5_open_star,
          nzn_winding_woodlands_5x15_concentric,
          nzn_winding_woodlands_5x5_cross], layout_cave_pods, serial_shops,
          nicolae_shop_trees, gauntlet_entry_generic, nicolae_vehumet_radiance,
          uniq_frances
D:15:     hangedman_depths_entry_civil_slaughter, layout_gridville, uniq_nessos

Skill      XL: |  1  2  3  4  5  6  7  8  9 10 11 |
---------------+----------------------------------+-----
Spellcasting   | 2 3 5 6 7 10 13 | 13.3
Conjurations   | 5 7 10 | 10.0
Dodging        | 2 6 |  6.0
Translocations | 2 |  2.0
Stealth        | |  1.7

Action                   |  1- 3 |  4- 6 |  7- 9 | 10-12 || total
-------------------------+-------+-------+-------+-------++-------
Melee: Unarmed           |     1 |     1 |     4 |       ||     6
       Hunting sling     |       |       |       |     7 ||     7
 Cast: Magic Dart        |    83 |    98 |   130 |   130 ||   441
       Searing Ray       |     3 |    11 |    47 |    90 ||   151
       Iskenderun's Myst |       |       |    15 |    46 ||    61
Evoke: Wand              |       |       |       |     9 ||     9
  Use: Scroll            |     1 |       |       |    11 ||    12
       Potion            |       |       |       |     1 ||     1
Armor: Robe              |     1 |     4 |     4 |    33 ||    42
Dodge: Dodged            |     7 |    18 |    96 |   100 ||   221
